 Dungeon Crawl Stone Soup version 0.24-a0-512-g2b48af375b (webtiles) character file.

Game seed: 10833827031253811724

1627 KapersCrawl the Twirler (level 9, -7/68 HPs)
             Began as a Human Gladiator on July 20, 2019.
             Was an Initiate of Ru.
             Mangled by Prince Ribbit (15 damage)
             ... on level 5 of the Dungeon.
             The game lasted 00:19:53 (6974 turns).

KapersCrawl the Twirler (Human Gladiator)           Turns: 6974, Time: 00:19:54

Health: -7/68      AC: 11    Str: 14    XL:     9   Next: 17%
Magic:  10/10      EV:  7    Int: 12    God:    Ru [......]
Gold:   324        SH:  0    Dex: 15    Spells: 8/8 levels left

rFire    . . .     SeeInvis +   b - +0 dagger (venom)
rCold    . . .     Gourm    .   (no shield)
rNeg     . . .     Faith    .   s - +0 chain mail
rPois    .         Spirit   .   (no helmet)
rElec    .         Reflect  .   (no cloak)
rCorr    .         Harm     .   D - +0 pair of gloves
MR       .....                  x - +0 pair of boots
Stlth    ..........             (no amulet)
HPRegen  0.21/turn              u - ring of see invisible
MPRegen  0.12/turn              (no ring)

@: very slightly contaminated, invisible
A: no striking features
a: Renounce Religion


You were on level 5 of the Dungeon.
You worshipped Ru.
Ru was noncommittal.
You were hungry.

You visited 1 branch of the dungeon, and saw 6 of its levels.

You collected 324 gold pieces.

Inventory:

Hand Weapons
 a - a +1 quarterstaff
 b - a +0 dagger of venom (weapon)
Missiles
 d - 2 throwing nets
 j - 164 stones
 p - 2 javelins
 C - 4 silver boomerangs
 H - 5 boomerangs (quivered)
 L - 2 curare-tipped darts
 M - a poisoned dart
Armour
 c - a +0 helmet
 i - a +0 ring mail
 s - a +0 chain mail (worn)
 x - a +0 pair of boots (worn)
 D - a +0 pair of gloves (worn)
 G - the -2 hat of the Duke {rF++}
   (You found it on level 5 of the Dungeon)

   It greatly protects you from fire.
Jewellery
 u - a ring of see invisible (left hand)
Wands
 v - a wand of iceblast (7)
 y - a wand of polymorph (23)
Scrolls
 e - 2 scrolls of teleportation
 g - 4 scrolls of remove curse
 h - 2 scrolls of blinking {unknown}
 r - a scroll of enchant weapon
 F - a scroll of holy word {unknown}
 I - a scroll of fog {unknown}
 J - a scroll of magic mapping {unknown}
 K - a scroll of fear {unknown}
Potions
 k - 2 potions of mutation
 l - a potion of curing
 m - a potion of haste
 n - a potion of ambrosia
 o - a potion of brilliance
 t - 2 potions of heal wounds
 w - 2 potions of flight
 z - 2 potions of agility
 A - a potion of magic
 B - a potion of resistance {unknown}
 E - a potion of might {unknown}
Comestibles
 f - 12 rations


   Skills:
 + Level 5.6 Fighting
 + Level 6.0 Staves
 + Level 5.2 Throwing
 - Level 2.4 Armour
 - Level 3.0 Dodging
 + Level 5.5 Stealth
 - Level 2.0 Evocations


You had 8 spell levels left.
You didn't know any spells.
Your spell library was empty.

Dungeon Overview and Level Annotations

Branches:
Dungeon (6/15)
 Temple: D:4-7

Altars:
Cheibriados
Kikubaaqudgha
Ru
Beogh

Annotations:
D:4 exclusion: 2 downstairs
D:5 Menkaure, Prince Ribbit


Message History

You are very lightly contaminated with residual magic.
You catch the helpless leopard gecko completely off-guard!
You puncture the leopard gecko!
You kill the leopard gecko!
Prince Ribbit barely misses you.
You catch the helpless Prince Ribbit completely off-guard!
You puncture Prince Ribbit!
Prince Ribbit is poisoned.
Prince Ribbit is moderately wounded.
Prince Ribbit hits you but does no damage.
Prince Ribbit hits you.
You strike the helpless Prince Ribbit from behind!
You puncture Prince Ribbit!
Prince Ribbit is severely wounded.
Prince Ribbit hits you!
* * * LOW HITPOINT WARNING * * *
You are feeling hungry.
You miss Prince Ribbit.
Prince Ribbit is severely wounded.
Prince Ribbit hits you!
You die...

####### ### ......# #.#
......# #.# ......# #.#
......##########.#
...............F@#
#...####.#######.# #...#
#.# #.#
#...####.#######.#######
#...'..................##
....####.#.#.####.#.##..#
....# #.#.#............#
....# #.#.#.####.####..#
....# #.#.#.##.....##.##


You could see Prince Ribbit.

Vanquished Creatures
  Sigmund (D:3)
  An ice beast (D:5)
  3 ogres (D:4)
  2 centaurs (D:6)
  2 bullfrogs (D:6)
  A wyvern skeleton (D:3)
  A water moccasin skeleton (D:5)
  3 crimson imps
  A centaur zombie (D:6)
  A hound (D:5)
  2 jellies
  2 centaur skeletons
  2 orc wizards (D:4)
  Natasha (thrice) (D:4)
  An iguana (D:4)
  3 worker ants
  A worker ant zombie (D:5)
  4 gnolls (D:6)
  8 adders
  3 oozes
  3 worms
  A dart slug (D:2)
  8 leopard geckos
  3 orcs
  4 bats
  7 giant cockroaches
  5 goblins
  11 hobgoblins
  7 jackals
  A quokka (D:4)
  A ball python (D:1)
  6 frilled lizards
  14 kobolds
  2 leopard gecko skeletons
  14 rats
132 creatures vanquished.

Notes
Turn   | Place    | Note
-------+----------+-------------------------------------------
     0 | D:1      | KapersCrawl the Human Gladiator began the quest for the
                  | Orb.
     0 | D:1      | Reached XP level 1. HP: 16/16 MP: 1/1
   146 | D:1      | Reached XP level 2. HP: 22/22 MP: 2/2
   252 | D:1      | Found a roughly hewn altar of Beogh.
   404 | D:1      | Noticed an orc warrior
   547 | D:1      | Reached skill level 1 in Stealth
   577 | D:1      | Reached skill level 1 in Armour
   577 | D:1      | Reached XP level 3. HP: 17/28 MP: 3/3
  1287 | D:2      | Reached XP level 4. HP: 33/34 MP: 4/4
  1541 | D:2      | Found a faded altar of an unknown god.
  1782 | D:2      | Reached XP level 5. HP: 32/40 MP: 5/5
  2345 | D:3      | Noticed Sigmund
  2362 | D:3      | Killed Sigmund
  2362 | D:3      | Reached skill level 4 in Staves
  2362 | D:3      | Reached XP level 6. HP: 46/47 MP: 6/6
  3076 | D:4      | Noticed an ogre
  3084 | D:4      | Killed an ogre
  3084 | D:4      | Reached XP level 7. HP: 53/53 MP: 7/7
  3109 | D:4      | Found a snail-covered altar of Cheibriados.
  3133 | D:4      | Reached skill level 1 in Evocations
  3541 | D:4      | Noticed Natasha
  3556 | D:4      | Killed Natasha
  3712 | D:4      | Reached XP level 8. HP: 44/60 MP: 9/9
  4112 | D:5      | Entered Level 5 of the Dungeon
  4464 | D:5      | Reached skill level 5 in Staves
  4467 | D:5      | Found a sacrificial altar of Ru.
  4492 | D:5      | Noticed Menkaure
  4647 | D:4      | Noticed Natasha
  4660 | D:4      | Killed Natasha
  4733 | D:4      | Noticed Natasha
  4742 | D:4      | Killed Natasha
  4802 | D:5      | Got a faintly glowing hat
  4823 | D:5      | Identified the cursed -2 hat of the Duke {rF++} (You found
                  | it on level 5 of the Dungeon)
  4883 | D:5      | Found an ancient bone altar of Kikubaaqudgha.
  5128 | D:5      | Found a sacrificial altar of Ru.
  5744 | D:5      | Became a worshipper of Ru the Awakened
  6034 | D:6      | Reached skill level 5 in Fighting
  6303 | D:6      | Reached skill level 5 in Stealth
  6339 | D:5      | Reached XP level 9. HP: 42/68 MP: 10/10
  6566 | D:6      | Reached skill level 5 in Throwing
  6921 | D:6      | Reached skill level 6 in Staves
  6940 | D:6      | Noticed Prince Ribbit
  6974 | D:5      | Mangled by Prince Ribbit

Levels and vault maps discovered:
D:1:      erik_arrival_cave_to_civilisation [erik_arrival_cave_to_temple],
          layout_basic
D:2:      wad_pebble_path, layout_basic, chequers_ecumenical_altar_simple_redux
D:3:      layout_rooms, first_ration, uniq_sigmund
D:4:      layout_loops_ring, lemuel_round_altar, uniq_natasha
D:5:      layout_basic, kiku_gazebo_pond_becter, old_standard_altar,
          minmay_misc_feat_room, nicolae_ru_sacrificial_ziggurat, uniq_menkaure
D:6:      layout_cave_pods, minmay_temple_entry_from_below_a, chequers_jeans,
          kennysheep_windowed_goal, uniq_prince_ribbit1

Skill      XL: |  1  2  3  4  5  6  7  8  9 |
---------------+----------------------------+-----
Stealth        | 1 2 3 5 |  5.5
Armour         | 1 2 |  2.4
Fighting       | 3 4 5 |  5.6
Staves         | 4 5 6 |  6.0
Throwing       | 3 4 5 |  5.2
Evocations     | 1 2 |  2.0
Dodging        | |  3.0

Action                   |  1- 3 |  4- 6 |  7- 9 || total
-------------------------+-------+-------+-------++-------
Melee: Quarterstaff      |    92 |    82 |    87 ||   261
       Dagger            |       |    55 |   156 ||   211
Throw: Throwing net      |     1 |       |       ||     1
       Stone             |    13 |    42 |    18 ||    73
       Javelin           |       |     7 |     2 ||     9
       Boomerang         |       |       |    28 ||    28
Evoke: Wand              |       |       |     3 ||     3
  Use: Scroll            |     4 |     6 |     5 ||    15
       Potion            |       |     2 |     2 ||     4
 Stab: Invisible         |       |     4 |     4 ||     8
  Eat: Chunk             |     1 |     6 |    12 ||    19
Armor: Leather armour    |     8 |       |       ||     8
       Ring mail         |     6 |    23 |       ||    29
       Chain mail        |       |    38 |   151 ||   189
Dodge: Dodged            |    57 |    58 |    78 ||   193

Table legend:
 A = Non-vault XP
 B = Vault XP
 C = Vault XP percentage of total XP
 D = Non-vault monster count
 E = Vault monster count
 F = Vault count percentage of total count
                 A         B        C        D         E       F
            +---------+---------+-------+---------+---------+-------
      Total |    2071 |     254 |  10.9 |     127 |       5 |   3.8
            +---------+---------+-------+---------+---------+-------
        D:1 |      55 |       4 |   6.8 |      29 |       2 |   6.5
        D:2 |      87 |       0 |   0.0 |      31 |       0 |   0.0
        D:3 |     151 |     212 |  58.4 |      19 |       1 |   5.0
        D:4 |     622 |      35 |   5.3 |      18 |       1 |   5.3
        D:5 |     451 |       0 |   0.0 |      14 |       0 |   0.0
        D:6 |     705 |       3 |   0.4 |      16 |       1 |   5.9
            +---------+---------+-------+---------+---------+-------
